 Dungeon Crawl Stone Soup version 0.30.1 (webtiles) character file.

Game seed: 15186277110615076691

105 AgateBread the Shooter (level 4, -13/40 HPs)
             Began as a Minotaur Hunter on July 3, 2023.
             Engulfed by a cloud of flame (37 damage)
             ... on level 2 of the Dungeon.
             The game lasted 00:07:40 (1946 turns).

AgateBread the Shooter (Minotaur Hunter)            Turns: 1946, Time: 00:07:40

Health: -13/40     AC:  3    Str: 16    XL:     4   Next: 54%
Magic:  3/3        EV: 12    Int:  6    God:
Gold:   64         SH:  0    Dex: 15    Spells: 3/3 levels left

rFire   . . .        a - +0 shortbow
rCold   . . .        (shield currently unavailable)
rNeg    . . .        c - +0 leather armour
rPois   .            (helmet restricted)
rElec   .            (no cloak)
rCorr   .            (no gloves)
SInv    .            (no boots)
Will    .....        (no amulet)
Stlth   +            (no ring)
HPRegen 0.26/turn    (no ring)
MPRegen 0.08/turn

%: no passive effects
@: no status effects
A: horns 2, retaliatory headbutt
a: no special abilities


You were on level 2 of the Dungeon.
You visited 1 branch of the dungeon, and saw 3 of its levels.

You collected 64 gold pieces.

Inventory:

Hand Weapons
 a - a +0 shortbow (weapon)
 k - the +8 sling "Giantbane" {heavy, rElec rN+++ Will- MP+9}
   (You found it on level 3 of the Dungeon)

   rElec:     It insulates you from electricity.
   rN:        It renders you almost immune to negative energy.
   MP:        It affects your magic capacity (+9).
   Will:      It decreases your willpower.
 p - a +0 short sword
Missiles
 l - 9 poisoned darts
Armour
 c - a +0 leather armour (worn)
 h - a +0 ring mail
 q - a +0 scale mail
Scrolls
 b - a scroll of immolation
 e - a scroll of teleportation
 i - a scroll of torment {unknown}
 m - a scroll of acquirement {unknown}
 r - a scroll of vulnerability {unknown}
Potions
 d - a potion of magic
 f - a potion of ambrosia
 g - a potion of curing {unknown}
 n - a potion of resistance
 o - a potion of heal wounds {unknown}
 s - a potion of flight {unknown}


   Skills:
 + Level 3.9 Fighting
 + Level 5.2 Ranged Weapons
 + Level 2.7 Armour
 - Level 2.1 Dodging
 - Level 0.7 Stealth


You had 3 spell levels left.
You didn't know any spells.
Your spell library contained the following spells:

 Spells                   Type           Power      Damage    Failure   Level
 Summon Small Mammal      Summ           0%         N/A       52%         1
 Lesser Beckoning         Tloc           0%         N/A       65%         2
 Call Canine Familiar     Summ           0%         N/A       87%         3
 Gell's Gravitas          Tloc           0%         N/A       87%         3
 Ignite Poison            Fire/Tmut/Pois 0%         N/A       87%         3
 Summon Guardian Golem    Hex/Summ       0%         N/A       87%         3
 Teleport Other           Tloc           0%         N/A       87%         3
 Sticky Flame             Conj/Fire      0%         2d3       99%         4
 Ignition                 Fire           0%         3d3       100%        8
 Chain Lightning          Conj/Air       0%         N/A       100%        9
 Fire Storm               Conj/Fire      0%         5d1       100%        9
 Shatter                  Erth           0%         3d5*      100%        9


Dungeon Overview and Level Annotations

Branches:
Dungeon (3/15)

Altars:

Annotations:
D:2 Sigmund


Innate Abilities, Weirdness & Mutations

You have a pair of horns on your head.
You reflexively headbutt those who attack you in melee.


Message History

There is a stone staircase leading down here.
As you read the scroll labelled JOEVYI NUETHAR, it crumbles to dust.
You feel strangely unstable.
It was a scroll of teleportation.
As you read the scroll labelled SOUHEA LAMO, it crumbles to dust.
It is a scroll of identify.
d - a potion of magic
There is a stone staircase leading down here.
Your surroundings suddenly seem different.
As you read the scroll of identify, it crumbles to dust.
f - a potion of ambrosia A worm comes into view.
Found a stone staircase leading up.
You shoot an arrow. The arrow hits the worm!
The worm is heavily wounded.
You shoot an arrow. The arrow hits the worm.
The worm is almost dead.
You shoot an arrow. The arrow hits the worm.
The worm is almost dead.
You shoot an arrow. The arrow hits the worm!
You kill the worm!
No target in view!
No target in view!
There is a stone staircase leading up here.
You climb upwards.
Level annotation: Sigmund The orc shouts!
The orc priest shouts!
The ball python hisses angrily.
The orc shouts! x2
Found a potion of magic and a scroll labelled YJERPH ECLAKKO.
Found an escape hatch in the floor.
There is a stone staircase leading down here.
Unknown command.
Really read the scroll of immolation?
As you read the scroll of immolation, it crumbles to dust.
The creatures around you are filled with an inner flame!
The orc throws a boomerang.
The boomerang closely misses you.
You shoot an arrow. The arrow hits the ball python!
The ball python explodes!
The fiery explosion engulfs you!
You are engulfed in blazing flames.
Ouch! That really hurt!
You die...

###...........
...........o#
........o..#
#........>o#
#......o...#
###.§§§....##
#...§§§.....#
#....@.o....#
..............#
####.!........#
............#
##............
####.?....###
########


You could see an orc priest (inner flame) and 4 orcs.

Vanquished Creatures
  4 adders
  2 worms
  A dart slug (D:3)
  5 orcs (D:3)
  7 endoplasms
  3 giant cockroaches
  3 hobgoblins
  8 jackals (D:1)
  2 kobolds
  2 quokkas
  2 ball pythons
  2 bats
  7 goblins
  4 rats
52 creatures vanquished.

Notes
Turn   | Place    | Note
-------+----------+-------------------------------------------
     0 | D:1      | AgateBread the Minotaur Hunter began the quest for the Orb.
     0 | D:1      | Reached XP level 1. HP: 18/18 MP: 0/0
   135 | D:1      | Reached skill level 1 in Armour
   135 | D:1      | Reached XP level 2. HP: 25/25 MP: 1/1
   284 | D:1      | Reached XP level 3. HP: 31/31 MP: 2/2
   577 | D:2      | Noticed Sigmund
  1077 | D:3      | Reached skill level 5 in Ranged Weapons
  1337 | D:3      | Reached XP level 4. HP: 38/40 MP: 3/3
  1385 | D:3      | Identified the +8 sling "Giantbane" {heavy, rElec rN+++
                  | Will- MP+9}
  1946 | D:2      | Engulfed by a cloud of flame

Illustrated notes

Levels and vault maps discovered:
D:1:      ncdulo_smallfort, layout_rooms
D:2:      layout_rooms, basic_altar, uniq_sigmund
D:3:      layout_basic

Skill      XL: |  1  2  3 |
---------------+----------+-----
Armour         | 1 2 |  2.7
Fighting       | 3 |  3.9
Ranged Weapons | 5 |  5.2
Dodging        | |  2.1
Stealth        | |  0.7

Action                     |  1- 3 |  4- 6 || total
---------------------------+-------+-------++-------
   Fire: Shortbow          |   109 |    34 ||   143
    Use: Scroll            |     3 |     4 ||     7
 Armour: Leather armour    |    13 |     3 ||    16
  Dodge: Dodged            |    50 |    10 ||    60
